 Dungeon Sprint DCSS version 0.31-a0-175-g9f7f995f2b (webtiles) character file.

Game seed: 3891248218008431819

113611 rocky1 the Slayer (level 16, -3/192 HPs)
             Began as a Gargoyle Fighter on June 18, 2023.
             Was an Initiate of Gozag.
             Slain by Cerebov
             ... wielding the +6 sword of Cerebov {flame}
              (10 damage)
             ... in the Dungeon (Sprint VII: "The Pits").
             The game lasted 00:47:48 (8967 turns).

rocky1 the Slayer (Gargoyle Fighter)                Turns: 8967, Time: 00:47:49

Health: -3/192     AC: 48    Str: 33    XL:     16   Next: 28%
Magic:  28/28      EV: 15    Int: 13    God:    Gozag
Gold:   4801       SH: 12    Dex: 12    Spells: 22/31 levels left

rFire   + . .        a - +9 eveningstar (protect)
rCold   + + .        I - +3 warlock's mirror {omnireflect}
rNeg    + . .        j - +1 chain mail {rC+}
rPois   ∞            q - +2 helmet {Int+3}
rElec   +            y - +0 cloak of Hyoptabb {rCorr Str+6}
rCorr   +            L - +2 pair of gloves {Dex+3}
SInv    .            F - +1 pair of boots
Will    +....        B - amulet of the acrobat Stlth
                     R - +4 ring of slaying
HPRegen 0.52/turn    n - ring of protection from fire
MPRegen 0.21/turn

%: no teleportation, reflection, acrobat
@: mighty, berserking (expiring), resistant, fire vulnerable, under a protective
aura, flying, very quick
A: sickness immunity, AC +12, big wings, negative energy resistance 1,
electricity resistance, torment resistance 1, petrification resistance
}: 1/3 runes: silver
a: Renounce Religion, Potion Petition, Call Merchant, Bribe Branch


You were in the Dungeon.
You worshipped Gozag.
Gozag was most pleased with you.
You visited 1 branch You collected 22171 gold pieces.
You spent 3768 gold pieces at shops.
You paid 13602 gold pieces to Gozag.

Inventory:

Hand Weapons
 a - a +9 eveningstar of protection (weapon)
 t - a +1 heavy broad axe
Missiles
 m - 4 poisoned darts (quivered)
Armour
 j - a +1 chain mail of cold resistance (worn)
 k - the +18 shield of the Gong {Loud rN+ Will+ rCorr EV-5}
   (You found it in the Dungeon)

   Loud:      It is deafeningly noisy when blocking attacks.
   EV:        It affects your evasion (-5).
   rN:        It protects you from negative energy.
   rCorr:     It protects you from acid and corrosion.
   Will:      It increases your willpower.
 q - a +2 helmet of intelligence (worn)
 y - the +0 cloak of Hyoptabb (worn) {rCorr Str+6}
   (You bought it in a shop in the Dungeon)

   Str:       It affects your strength (+6).
   rCorr:     It protects you from acid and corrosion.
 F - a +1 pair of boots (worn)
 I - the +3 warlock's mirror (worn) {omnireflect}
   (You found it in the Dungeon)

   Omnireflect: It can block and reflect piercing ranged attacks and magical
   attacks against the wielder's willpower.
 L - a +2 pair of gloves of dexterity (worn)
Jewellery
 n - a ring of protection from fire (right hand)
 B - an amulet of the acrobat (around neck)
 P - a ring of see invisible
 R - a +4 ring of slaying (left hand)
Wands
 b - a wand of roots (14)
 w - a wand of polymorph (12)
 x - a wand of flame (12)
 z - a wand of charming (19)
 A - a wand of mindburst (9)
Scrolls
 l - 7 scrolls of amnesia
 u - 3 scrolls of fog
 C - 2 scrolls of fear
 D - 4 scrolls of identify
 G - 2 scrolls of blinking
 H - 4 scrolls of immolation
Potions
 c - 2 potions of brilliance
 d - a potion of might
 e - 10 potions of curing
 f - 14 potions of heal wounds
 g - a potion of enlightenment
 h - 4 potions of magic
 o - 3 potions of resistance
 p - 2 potions of lignification
 r - a potion of haste
 s - 5 potions of mutation
 E - 2 potions of attraction
 J - a potion of ambrosia


   Skills:
 + Level 24.9 Fighting
 + Level 24.2 Maces & Flails
 * Level 20.7 Armour
 * Level 14.4 Dodging
 * Level 21.3 Shields
 - Level 8.4 Spellcasting
 - Level 8.3 Summonings
 + Level 9.7 Evocations


You had 22 spell levels left.
You knew the following spells:

 Your Spells              Type           Power      Damage    Failure   Level
a - Dragon's Call         Summ           13%        N/A       100%        9

Your spell library contained the following spells:

 Spells                   Type           Power      Damage    Failure   Level
 Call Canine Familiar     Summ           27%        N/A       2%          3
 Summon Guardian Golem    Hex/Summ       16%        N/A       16%         3
 Necrotise                Necr           20%        1d5       28%         1
 Ensorcelled Hibernation  Hex/Ice        10%        N/A       41%         2
 Passwall                 Tmut/Erth      4%         N/A       41%         2
 Poisonous Vapours        Pois/Air       10%        N/A       41%         2
 Dazzling Flash           Conj/Hex       10%        N/A       65%         3
 Mephitic Cloud           Conj/Pois/Air  5%         N/A       65%         3
 Vampiric Draining        Necr           5%         2d6       65%         3
 Summon Mana Viper        Hex/Summ       16%        N/A       82%         5
 Cause Fear               Hex            2%         N/A       96%         4
 Ice Form                 Ice/Tmut       5%         N/A       96%         4
 Petrify                  Tmut/Erth      5%         N/A       96%         4
 Sticky Flame             Conj/Fire      5%         2d3       96%         4
 Agony                    Necr           5%         N/A       100%        5
 Freezing Cloud           Conj/Ice/Air   2%         6-21      100%        5
 Irradiate                Conj/Tmut      2%         3d12      100%        5
 Iskenderun's Battlesphe  Conj           5%         2d6       100%        5
 Silence                  Hex/Air        2%         N/A       100%        5
 Leda's Unmaking          Conj/Erth      2%         9d1       100%        6
 Dragon Form              Tmut           2%         N/A       100%        7
 Haunt                    Necr/Summ      8%         N/A       100%        7
 Spellforged Servitor     Conj/Summ      8%         N/A       100%        7
 Summon Hydra             Summ           13%        N/A       100%        7
 Ignition                 Fire           2%         3d3       100%        8
 Necromutation            Tmut/Necr      2%         N/A       100%        8
 Cigotuvi's Dreadful Rot  Necr/Pois/Air  Unusable   N/A       N/A         2

Dungeon Overview and Level Annotations

Branches:
Dungeon (1/1)

Altars:
Ashenzari
Cheibriados
Dithmenos
Elyvilon
Fedhas
Gozag
Hepliaklqana
Kikubaaqudgha
Makhleb
Nemelex Xobeh
Okawaru
Qazlal
Ru
Sif Muna
Trog
Uskayaw
Vehumet
Wu Jian
Xom
Yredelemnul
Zin
The Shining One
Jiyva
Lugonu

Shops:
D =(?[!

Annotations:
D Cerebov


Innate Abilities, Weirdness & Mutations

You are immune to sickness and miasma.
Your stone body is resilient. (AC +12)
You are immune to poison.
Your large and strong wings let you fly.
You resist negative energy. (rN+)
You are resistant to electric shocks. (rElec)
You are resistant to unholy torment.
You are immune to petrification.


Message History

The deep elf sorcerer seems to speed up.
You barely miss Cerebov.
Cerebov is lightly wounded.
Cerebov misses you.
You bludgeon Cerebov!!
Cerebov is lightly wounded.
The purple draconian is no longer distracted by gold.
Cerebov hits you with the +6 sword of Cerebov {flame}!
Cerebov burns you.
A moth of wrath comes into view.
You barely miss Cerebov.
Cerebov is lightly wounded.
The moth of wrath's fur bristles in rage as it notices you.
The deep elf sorcerer points at you and mumbles some strange words.
You resist with significant effort.
You puncture Cerebov!
Cerebov is lightly wounded.
You block Cerebov's attack.
You block the deep elf sorcerer's attack.
You barely miss Cerebov.
Cerebov is lightly wounded.
You sock Cerebov!
Cerebov is lightly wounded.
Cerebov hits you but does no damage.
You block the deep elf sorcerer's attack.
The purple draconian is distracted by your dazzling golden aura.
You barely miss Cerebov.
Cerebov is lightly wounded.
The purple draconian roars!
Cerebov hits you with the +6 sword of Cerebov {flame}.
Cerebov burns you.
* * * LOW HITPOINT WARNING * * *
You block the deep elf sorcerer's attack.
You bludgeon Cerebov!!
Cerebov is moderately wounded.
Cerebov hits you with the +6 sword of Cerebov {flame}!!!
* * * LOW HITPOINT WARNING * * *
Cerebov burns you!
You die...
Your body crumbles into a pile of gold.

.#####..........##cc#eD*....,,,,,
....[)..#....#..##++#++#..#******
...[)[..........##........#,,,,$,
######..........##........#,,,,$,
######..#....#..##..#y.#..#$$$$$$
....++..........##...$....#,,,,$,
....++....∩.∩...##..$.....#,,,,$,
##..##..#....#..##''#++#..#******
)#).##..........@&d.#D.*,...2,,,,
#'..##..........$e..#ed*,,...,,,,
)#).####++####++#######****##****
##..####++####++#################
.#..##......##...............)...
##..##.#'##.##.....).....).......
,...##.#[('.##..##############))#
....##.'))#.##..#))#))#))))#.....
######.#.)+,##..#))#))##''##..)).


You could see Cerebov (fast), a purple draconian, a deep elf sorcerer (fast) and
a moth of wrath.

Vanquished Creatures
  2 bone dragons (D)
  A pearl dragon (D)
  A deep elf blademaster (D)
  4 liches (D)
  A deep elf master archer (D)
  A sphinx (D)
  2 shadow dragons (D)
  A daeva (D)
  2 storm dragons (D)
  3 nagarajas (D)
  A fire giant (D)
  A frost giant (D)
  A balrug (D)
  An angel (D)
  A ghost moth (D)
  2 orc warlords (D)
  2 ghouls (D)
  A stone giant (D)
  2 war gargoyles (D)
  A spriggan defender (D)
  A deep elf demonologist (D)
  A black draconian (D)
  An ophan (D)
  A dire elephant (D)
  10 vampire knights (D)
  A lorocyproca (D)
  A white draconian (D)
  A purple draconian (D)
  A deep elf death mage (D)
  A mummy priest (D)
  2 great orbs of eyes (D)
  2 yaktaur captains (D)
  A rakshasa (D)
  5 vault guards (D)
  A catoblepas (D)
  A merfolk aquamancer (D)
  2 two-headed ogres (D)
  A death knight (D)
  2 deep troll shamans (D)
  A naga warrior (D)
  An alligator snapping turtle (D)
  4 vampire magi (D)
  4 death yaks (D)
  4 hell hogs (D)
  A demonic crawler (D)
  A deep elf knight (D)
  A soul eater (D)
  An iron troll (D)
  13 skeletal warriors (D)
  A large abomination (D)
  A salamander mystic (D)
  5 deep trolls (D)
  4 flayed ghosts (D)
  A bog body (D)
  An orb spider (shapeshifter) (D)
  A wizard (D)
  4 lindwurms (D)
  2 phantasmal warriors (D)
  2 deep elf pyromancers (D)
  11 orc knights (D)
  A necromancer (D)
  An ugly thing (D)
  A cyclops (D)
  A salamander (D)
  2 rust devils (D)
  2 eyes of devastation (D)
  An orange demon (D)
  A guardian serpent (D)
  A naga mage (D)
  A black mamba (D)
  A gargoyle (D)
  A cane toad (D)
  A kobold demonologist (D)
  3 yaktaurs (D)
  A hellion (D)
  An unseen horror (D)
  An ice devil (D)
  A troll (D)
  A red devil (D)
  A tarantella (D)
  A hornet (D)
  4 blink frogs (D)
  A tarantella (shapeshifter) (D)
  5 dream sheep (D)
  2 ynoxinuls (D)
  A jumping spider (D)
  2 shadows (D)
  A wyvern (D)
  3 spriggans (D)
  5 water elementals (D)
  3 vampires (D)
  A fire bat (D)
  A golden eye (D)
  A basilisk (D)
  A steam dragon (D)
  2 neqoxecs (D)
  5 redbacks (D)
  7 vampire mosquitoes (D)
  2 chaos spawn (D)
  A warg (D)
  A naga (D)
  2 acid dragons (D)
  3 floating eyes (D)
  A sky beast (D)
  3 orc warriors (D)
  2 black bears (D)
  An ogre (D)
  3 centaurs (D)
  A phantom (D)
  A kobold brigand (D)
  2 earth elementals (D)
  2 crimson imps (D)
  A quasit (D)
  2 orc priests (D)
  A jelly (D)
  Jessica (D)
  2 iguanas (D)
  2 orc wizards (D)
  A white imp (D)
  5 adder skeletons (D)
  3 adder zombies (D)
  2 adder simulacra (D)
  7 orcs (D)
  2 bats (D)
  4 bat skeletons (D)
  3 bat zombies (D)
  2 endoplasms (D)
  2 quokkas (D)
  A ball python (D)
  3 ball python simulacra (D)
  A ball python zombie (D)
  5 bat simulacra (D)
  A giant cockroach zombie (D)
  A jackal simulacrum (D)
  A jackal zombie (D)
  2 kobolds (D)
  A quokka simulacrum (D)
  2 quokka skeletons (D)
  A quokka zombie (D)
285 creatures vanquished.

Vanquished Creatures (others)
  A giant cockroach (D)
  A quokka skeleton (D)
2 creatures vanquished.

Grand Total: 287 creatures vanquished

Notes
Turn   | Place    | Note
-------+----------+-------------------------------------------
     0 | D        | rocky1 the Gargoyle Fighter began the quest for the Orb.
     0 | D        | Reached XP level 1. HP: 14/14 MP: 1/1
    42 | D        | Found a bloodstained altar of Trog.
    42 | D        | Found a shimmering blue altar of Sif Muna.
    42 | D        | Found a viscous altar of Jiyva.
    42 | D        | Found a hazy altar of Hepliaklqana.
    42 | D        | Found an opulent altar of Gozag.
    43 | D        | Found a glowing golden altar of the Shining One.
    43 | D        | Found a glowing silver altar of Zin.
    43 | D        | Found a basalt altar of Yredelemnul.
    43 | D        | Found a shimmering altar of Xom.
    43 | D        | Found an ornate altar of the Wu Jian Council.
    43 | D        | Found a sacrificial altar of Ru.
    43 | D        | Found a stormy altar of Qazlal.
    43 | D        | Found an iron altar of Okawaru.
    43 | D        | Found a sparkling altar of Nemelex Xobeh.
    43 | D        | Found a burning altar of Makhleb.
    43 | D        | Found a blossoming altar of Fedhas.
    43 | D        | Found a white marble altar of Elyvilon.
    43 | D        | Found a shadowy altar of Dithmenos.
    43 | D        | Found a snail-covered altar of Cheibriados.
    47 | D        | Found a corrupted altar of Lugonu.
    47 | D        | Found a radiant altar of Vehumet.
    48 | D        | Found a broken altar of Ashenzari.
    48 | D        | Found an ancient bone altar of Kikubaaqudgha.
    48 | D        | Found a hide-covered altar of Uskayaw.
    53 | D        | Became a worshipper of Gozag Ym Sagoz the Greedy
   495 | D        | Noticed a floating eye
   503 | D        | Paralysed by a floating eye for 3 turns
   507 | D        | Killed a floating eye
   508 | D        | Reached skill level 5 in Maces & Flails
   508 | D        | Reached skill level 5 in Armour
   508 | D        | Reached skill level 5 in Shields
   508 | D        | Reached XP level 2. HP: 22/22 MP: 2/2
   508 | D        | Reached XP level 3. HP: 27/27 MP: 3/3
   508 | D        | Reached XP level 4. HP: 32/32 MP: 4/4
   529 | D        | Reached XP level 5. HP: 27/37 MP: 5/5
   727 | D        | Noticed Jessica
   728 | D        | Noticed an ogre
   728 | D        | Noticed a phantom
   743 | D        | Killed an ogre
   744 | D        | Reached skill level 1 in Dodging
   744 | D        | Reached XP level 6. HP: 44/44 MP: 6/6
   754 | D        | Killed Jessica
   824 | D        | Noticed a vampire mosquito
   830 | D        | Killed a vampire mosquito
   831 | D        | Reached XP level 7. HP: 48/48 MP: 7/7
  1104 | D        | Reached skill level 10 in Maces & Flails
  1124 | D        | Noticed a ynoxinul
  1124 | D        | Noticed a death yak
  1124 | D        | Noticed a death yak
  1124 | D        | Noticed a death yak
  1124 | D        | Noticed a death yak
  1139 | D        | Killed a death yak
  1140 | D        | Reached XP level 8. HP: 55/55 MP: 8/8
  1151 | D        | Killed a death yak
  1152 | D        | Reached XP level 9. HP: 60/60 MP: 9/9
  1165 | D        | Killed a death yak
  1166 | D        | Reached skill level 15 in Maces & Flails
  1173 | D        | Killed a death yak
  1177 | D        | Reached skill level 10 in Shields
  1188 | D        | Reached skill level 10 in Fighting
  1343 | D        | Reached skill level 10 in Armour
  1346 | D        | Reached XP level 10. HP: 68/68 MP: 10/10
  1352 | D        | Killed an unseen horror
  1586 | D        | Bought a +2 eveningstar of protection for 480 gold pieces
  1597 | D        | Noticed a hell hog
  1597 | D        | Noticed a hell hog
  1597 | D        | Noticed a hell hog
  1597 | D        | Noticed a hell hog
  1607 | D        | Killed a hell hog
  1613 | D        | Killed a hell hog
  1618 | D        | Killed a hell hog
  1633 | D        | Killed a hell hog
  1634 | D        | Reached XP level 11. HP: 17/78 MP: 11/11
  1830 | D        | Noticed a deep elf pyromancer
  1836 | D        | Killed a deep elf pyromancer
  2207 | D        | Noticed a rakshasa
  2214 | D        | Noticed an alligator snapping turtle
  2233 | D        | Killed a rakshasa
  2405 | D        | Killed an alligator snapping turtle
  2417 | D        | Noticed an orc knight
  2431 | D        | Reached skill level 15 in Fighting
  2441 | D        | Killed an orc knight
  2644 | D        | Noticed a phantasmal warrior
  2650 | D        | Killed a phantasmal warrior
  2661 | D        | Reached skill level 5 in Dodging
  2884 | D        | Bought a glowing buckler for 232 gold pieces
  2884 | D        | Bought a glowing helmet for 232 gold pieces
  2884 | D        | Bought a runed plate armour for 806 gold pieces
  2884 | D        | Bought an encrusted helmet for 294 gold pieces
  2884 | D        | Identified the -1 helmet of Fun and Games {rCorr} (You
                  | bought it in a shop in the Dungeon)
  2884 | D        | Bought a glimmering cloak for 294 gold pieces
  2884 | D        | Identified the +0 cloak of Hyoptabb {rCorr Str+6} (You
                  | bought it in a shop in the Dungeon)
  2915 | D        | Noticed a deep troll
  2915 | D        | Noticed a lindwurm
  2946 | D        | Killed a deep troll
  2965 | D        | Killed a lindwurm
  2966 | D        | Reached XP level 12. HP: 74/91 MP: 12/12
  3204 | D        | Reached skill level 1 in Evocations
  3393 | D        | Noticed a two-headed ogre
  3402 | D        | Killed a two-headed ogre
  3689 | D        | Noticed a two-headed ogre
  3697 | D        | Killed a two-headed ogre
  3957 | D        | Noticed a mummy priest
  3957 | D        | Noticed a nagaraja
  3957 | D        | Noticed a frost giant
  3973 | D        | Noticed a jiangshi
  3973 | D        | Killed a mummy priest
  3981 | D        | Killed a frost giant
  3990 | D        | Killed a nagaraja
  4017 | D        | Got the Handbook of the Reshaped Oath
  4035 | D        | Learned a level 9 spell: Dragon's Call
  4243 | D        | Noticed a deep elf blademaster
  4270 | D        | Killed a deep elf blademaster
  4271 | D        | Reached skill level 1 in Spellcasting
  4271 | D        | Reached skill level 1 in Summonings
  4272 | D        | Reached XP level 13. HP: 78/101 MP: 13/15
  4345 | D        | Killed a lorocyproca
  4439 | D        | Got the Monograph on Burning and Calling
  4587 | D        | Bought a scroll of revelation for 105 gold pieces
  4587 | D        | Bought a scroll of enchant weapon for 105 gold pieces
  4587 | D        | Bought a scroll of immolation for 56 gold pieces
  4587 | D        | Bought a scroll of immolation for 56 gold pieces
  4587 | D        | Bought a scroll of immolation for 56 gold pieces
  4645 | D        | Bought a potion of attraction for 48 gold pieces
  4645 | D        | Bought a potion of heal wounds for 80 gold pieces
  4645 | D        | Bought a potion of curing for 48 gold pieces
  4645 | D        | Bought a potion of curing for 48 gold pieces
  4645 | D        | Bought a potion of curing for 48 gold pieces
  4679 | D        | Noticed an orc warlord
  4680 | D        | Noticed an orc warlord
  4683 | D        | Noticed a vault guard
  4694 | D        | Noticed a vault guard
  4741 | D        | Killed an orc warlord
  4752 | D        | Killed a vault guard
  4766 | D        | Reached skill level 5 in Spellcasting
  4766 | D        | Reached skill level 5 in Summonings
  4914 | D        | Noticed a vault guard
  4921 | D        | Killed a vault guard
  4983 | D        | Noticed a yaktaur captain
  4986 | D        | Noticed a vault guard
  4998 | D        | Killed a vault guard
  4999 | D        | Killed a vault guard
  5006 | D        | Killed a yaktaur captain
  5322 | D        | Noticed a spriggan defender
  5341 | D        | Killed a spriggan defender
  5342 | D        | Gained mutation: Your large and strong wings let you fly.
                  | [Gargoyle growth]
  5342 | D        | Reached XP level 14. HP: 33/110 MP: 22/22
  5754 | D        | Found the +18 shield of the Gong {Loud rN+ Will+ rCorr
                  | EV-5}
  5775 | D        | Found the +3 warlock's mirror {omnireflect}
  5906 | D        | Killed an orc warlord
  5907 | D        | Reached skill level 15 in Armour
  5907 | D        | Reached skill level 15 in Shields
  6125 | D        | Noticed an ophan
  6145 | D        | Killed an ophan
  6392 | D        | Noticed a vampire knight
  6411 | D        | Paralysed by something for 2 turns
  6421 | D        | Killed a vampire knight
  6483 | D        | Noticed an angel
  6483 | D        | Noticed a dire elephant
  6498 | D        | Killed an angel
  6506 | D        | Killed a dire elephant
  6765 | D        | Noticed a vampire knight
  6766 | D        | Noticed a war gargoyle
  6774 | D        | Killed a vampire knight
  6783 | D        | Killed a war gargoyle
  6784 | D        | Noticed a bone dragon
  6784 | D        | Noticed a pearl dragon
  6797 | D        | Killed a pearl dragon
  6804 | D        | Paralysed by a floating eye for 4 turns
  6836 | D        | Killed a bone dragon
  6852 | D        | Noticed a nagaraja
  6852 | D        | Noticed a nagaraja
  6858 | D        | Killed a nagaraja
  6866 | D        | Killed a nagaraja
  7149 | D        | Got the Vellum of Sidekicks and Ice
  7217 | D        | Noticed a purple draconian
  7217 | D        | Noticed a deep elf demonologist
  7217 | D        | Noticed a vampire knight
  7222 | D        | Reached skill level 10 in Dodging
  7228 | D        | Reached skill level 5 in Evocations
  7231 | D        | Noticed a Hell Sentinel
  7234 | D        | Noticed a cacodemon
  7237 | D        | Killed a purple draconian
  7267 | D        | Reached XP level 15. HP: 106/119 MP: 27/27
  7280 | D        | Noticed an Ice Fiend
  7438 | D        | Noticed a balrug
  7439 | D        | Noticed a lich
  7439 | D        | Noticed a storm dragon
  7441 | D        | Noticed a fire giant
  7447 | D        | Killed a balrug
  7453 | D        | Killed a fire giant
  7466 | D        | Killed a lich
  7473 | D        | Killed a storm dragon
  7474 | D        | Killed a ghost moth
  7811 | D        | Got Alistair's Textbook on the Variable Gift
  7958 | D        | Bought a +4 ring of slaying for 780 gold pieces
  8001 | D        | Noticed a ghoul
  8001 | D        | Noticed a lich
  8001 | D        | Noticed a lich
  8002 | D        | Noticed a bone dragon
  8008 | D        | Noticed a lich
  8009 | D        | Killed a ghoul
  8013 | D        | Noticed a ghoul
  8021 | D        | Killed a lich
  8050 | D        | Killed a lich
  8067 | D        | Killed a lich
  8074 | D        | Killed a bone dragon
  8108 | D        | Killed a ghoul
  8160 | D        | Reached XP level 16. HP: 103/128 MP: 28/28
  8456 | D        | Got a silver rune of Zot
  8580 | D        | Noticed a sphinx
  8595 | D        | Killed a sphinx
  8699 | D        | Noticed a shadow dragon
  8719 | D        | Killed a shadow dragon
  8828 | D        | Noticed a storm dragon
  8832 | D        | Killed a storm dragon
  8905 | D        | Noticed a shadow dragon
  8911 | D        | Noticed a deep elf master archer
  8917 | D        | Killed a shadow dragon
  8927 | D        | Killed a deep elf master archer
  8940 | D        | Noticed a daeva
  8943 | D        | Found the +6 sword of Cerebov {flame}
  8943 | D        | Noticed Cerebov
  8954 | D        | Killed a daeva
  8967 | D        | HP: 7/192 [Cerebov/the +6 sword of Cerebov {flame} (50)]
  8967 | D        | Slain by Cerebov

Illustrated notes

Levels and vault maps discovered:
D:        pitsprint [storerooms_1, entrance_room_1, metal_vault_1, armoury_1,
          mini_pit_1, grid_room_1, main_hall_1, silver_pit, the_coven_2,
          the_vestibule_1, steel_vault_1, golden_pit, hallway_of_sentries,
          crystal_vault_1, iron_vault_3, final_vault]

Skill      XL: |  1  2  3  4  5  6  7  8  9 10 11 12 13 14 15 16 |
---------------+-------------------------------------------------+-----
Shields        | 5 6 7 8 9 10 11 12 13 14 17 20 21 | 21.3
Fighting       | 6 7 8 9 10 13 17 19 21 23 24 | 24.9
Maces & Flails | 5 7 9 12 14 16 18 19 20 22 23 24 | 24.2
Armour         | 5 6 7 8 9 10 11 12 13 14 16 19 20 | 20.7
Dodging        | 1 2 3 5 6 8 10 13 14 | 14.4
Evocations     | 4 5 8 9 |  9.7
Spellcasting   | 1 5 8 |  8.4
Summonings     | 1 5 8 |  8.3

Action                     |  1- 3 |  4- 6 |  7- 9 | 10-12 | 13-15 | 16-18 || total
---------------------------+-------+-------+-------+-------+-------+-------++-------
  Melee: Flail             |    29 |    53 |    83 |    13 |       |       ||   178
         Eveningstar       |       |       |       |   293 |   610 |   108 ||  1011
 Invoke: Call Merchant     |       |       |       |     2 |     3 |       ||     5
         Potion Petition   |       |       |       |     3 |    15 |     2 ||    20
  Evoke: Wand              |       |       |       |       |     2 |       ||     2
    Use: Potion            |       |     2 |     5 |     6 |    16 |       ||    29
         Scroll            |       |       |       |     9 |     9 |     2 ||    20
   Stab: Invisible         |       |       |    12 |     9 |     6 |       ||    27
         Distracted        |       |       |       |     1 |     5 |     1 ||     7
         Petrified         |       |       |       |       |     3 |       ||     3
 Armour: Scale mail        |    15 |    16 |       |       |       |       ||    31
         Plate armour      |       |    20 |    25 |       |       |       ||    45
         Ring mail         |       |       |    11 |    53 |       |       ||    64
         Chain mail        |       |       |       |   101 |   378 |    42 ||   521
  Dodge: Dodged            |    16 |    26 |    14 |   108 |   204 |    37 ||   405
  Block: Buckler           |     6 |    21 |    10 |    75 |   224 |    45 ||   381
         Reflection        |       |       |       |       |    11 |     6 ||    17

Table legend: (Time is in decaauts)
 A = Elapsed time spent in this place.
 B = Non-inter-level travel time spent in this place.
 C = Inter-level travel time spent in this place.
 D = Time resting spent in this place.
 E = Time spent auto-exploring this place.
 F = Levels seen in this place.
 G = Mean time per level.
                   A        B        C        D        E       F      G
               +--------+--------+--------+--------+--------+-----+--------+
         Total |   8550 |   8487 |     63 |   5261 |      0 |   1 | 8550.0 |
       Dungeon |   8550 |   8487 |     63 |   5261 |      0 |   1 | 8550.0 |
               +--------+--------+--------+--------+--------+-----+--------+

Top non-repeatable levels by time:
       D: 8550 daAuts
